 Dungeon Sprint DCSS version 0.27-a0-1281-ge233d83751 (webtiles) character file.

Game seed: 6740663788313745362

43136 mhtbhm the Archmage (level 13, -20/57 HPs)
             Began as a Spriggan Earth Elementalist on June 13, 2021.
             Was the Champion of Vehumet.
             Demolished by a boulder beetle (60 damage)
             ... in the Dungeon (Sprint IX: "|||||||||||||||||||||||||||||") on June 14, 2021.
             The game lasted 00:17:07 (7403 turns).

mhtbhm the Archmage (Spriggan Earth Elementalist)   Turns: 7403, Time: 00:17:08

Health: -20/57     AC:  4    Str:  5    XL:     13   Next: 89%
Magic:  24/54      EV: 19    Int: 25    God:    Vehumet [******]
Gold:   295        SH:  5    Dex: 17    Spells: 31/66 levels left

rFire    + . .     SeeInvis +   l - +2 morningstar "Pysuegun" {freeze, Int+4 Dex+2}
rCold    + . .     Faith    .   (shield restricted)
rNeg     . . .     Spirit   .   c - +1 robe {rC+ rF+}
rPois    +         Reflect  +   n - +0 hat
rElec    .         Harm     .   b - +0 cloak {rPois}
rCorr    .         Rampage  .   (gloves unavailable)
Will     ++...     NoTele   +   (boots unavailable)
Stlth    ++++......             w - amulet of reflection
HPRegen  0.19/turn              x - ring of magical power
MPRegen  0.34/turn              v - ring of wizardry

@: very quick
A: very small, no large weapons, unfitting armour, see invisible, speed 3
a: Renounce Religion


You were in the Dungeon.
You worshipped Vehumet.
Vehumet was exalted by your worship.
You visited 1 branch You collected 1948 gold pieces.
You spent 1653 gold pieces at shops.

Inventory:

Hand Weapons
 l - the +2 morningstar "Pysuegun" (weapon) {freeze, Int+4 Dex+2}
   (You found it in the Dungeon)

   It has been specially enchanted to freeze those struck by it, causing extra
   injury to most foes and up to half again as much damage against particularly
   susceptible opponents.
   It can also slow down cold-blooded creatures.
   It affects your intelligence (+4).
   It affects your dexterity (+2).
Missiles
 m - 3 throwing nets
Armour
 b - a +0 cloak of poison resistance (worn)
 c - a +1 robe of resistance (worn)
 n - a +0 hat (worn)
 A - +0 shadow dragon scales
Jewellery
 v - a ring of wizardry (right hand)
 w - an amulet of reflection (around neck)
 x - a ring of magical power (left hand)
 y - a ring of willpower
 z - a ring of protection from cold
Wands
 k - a wand of acid (4)
 p - a wand of iceblast (5)
Scrolls
 i - a scroll of blinking
 j - 2 scrolls of amnesia
 q - 2 scrolls of enchant armour
 r - 3 scrolls of fog
 s - 3 scrolls of identify
 t - 3 scrolls of fear
Potions
 a - a potion of invisibility
 d - 6 potions of curing
 e - 10 potions of heal wounds
 f - 2 potions of haste
 g - 5 potions of magic
 h - 3 potions of berserk rage
 o - 2 potions of brilliance
 u - a potion of mutation


   Skills:
 + Level 1.6 Fighting
 - Level 0.4 Maces & Flails
 + Level 5.2 Dodging
 + Level 7.7 Stealth
 + Level 0.6 Shields
 O Level 27 Spellcasting
 + Level 5.8 Conjurations
 + Level 2.4 Hexes
 + Level 9.9 Transmutations
 + Level 3.6 Fire Magic
 + Level 21.4 Earth Magic
 + Level 4.0 Evocations


You had 31 spell levels left.
You knew the following spells:

 Your Spells              Type           Power      Damage    Failure   Level
a - Sandblast             Erth           100%       2d20      0%          1
b - Passwall              Tmut/Erth      70%        N/A       0%          2
c - Stone Arrow           Conj/Erth      100%       3d13      0%          3
d - Lee's Rapid Deconstr  Erth           48%        3d24*     0%          5
e - Petrify               Tmut/Erth      84%        N/A       0%          4
f - Sticky Flame          Conj/Fire      55%        2d7       1%          4
g - Bolt of Magma         Conj/Fire/Erth 35%        4d15      1%          5
h - Iron Shot             Conj/Erth      40%        9d8       1%          6
i - Mephitic Cloud        Conj/Pois/Air  43%        N/A       1%          3
j - Slow                  Hex            45%        N/A       1%          2

Your spell library contained the following spells:

 Spells                   Type           Power      Damage    Failure   Level
 Lehudib's Crystal Spear  Conj/Erth      40%        10d10     2%          8
 Ignition                 Fire           25%        3d9       71%         8
 Chain Lightning          Conj/Air       24%        3d32      100%        9
 Magic Dart               Conj           100%       1d8       1%          1
 Blink                    Tloc           N/A        N/A       1%          2
 Call Imp                 Summ           33%        N/A       1%          2
 Conjure Flame            Conj/Fire      55%        6-21      1%          3


Dungeon Overview and Level Annotations

Branches:
Dungeon (1/1)

Altars:
Cheibriados
Dithmenos
Elyvilon
Fedhas
Gozag
Hepliaklqana
Kikubaaqudgha
Makhleb
Nemelex Xobeh
Okawaru
Qazlal
Ru
Sif Muna
Trog
Uskayaw
Vehumet
Wu Jian
Xom
Yredelemnul
Zin
The Shining One
Beogh
Jiyva
Lugonu

Shops:
D =![:


Innate Abilities, Weirdness & Mutations

You are very small and have problems with some larger weapons.
You are too small for most types of armour.
You have supernaturally acute eyesight. (SInv)
You cover ground extremely quickly. (Speed+++)


Message History

The jumping spider completely misses you.
The boulder beetle curls into a ball and begins rolling!
Unknown command.
Unknown command.
Unknown command.
Casting: Lee's Rapid Deconstruction (safe; 0% risk of failure)
Confirm with . or Enter, or press ? or * to list all spells.
Aiming: Lee's Rapid Deconstruction (safe; 0% risk of failure)
Press: ? - help, Dir - move target An open door to the Spider Nest.
The stone door frame shatters!
The blast of rock fragments hits the boulder beetle!!
You kill the boulder beetle!
Vehumet accepts your kill.
You feel your power returning.
The blast of rock fragments hits the jumping spider!!
You kill the jumping spider!
Vehumet accepts your kill.
You feel your power returning.
The jumping spider leaps!
Unknown command.
Unknown command.
Casting: Lee's Rapid Deconstruction (safe; 0% risk of failure)
Confirm with . or Enter, or press ? or * to list all spells.
Aiming: Lee's Rapid Deconstruction (safe; 0% risk of failure)
Press: ? - help, Dir - move target, f - jumping spider Fragment what (e.g. wall or brittle monster)?: a jumping spider An open door to the Spider Nest.
The stone door frame shatters!
The blast of rock fragments hits the jumping spider!!!
You kill the jumping spider!
Vehumet accepts your kill.
You feel your power returning.
The blast of rock fragments hits the boulder beetle!
The boulder beetle is lightly wounded.
Unknown command.
Unknown command.
Okay, then.
The boulder beetle hits you!!!
Ouch! That really hurt!
You die...

▓▓▓▓▓▓▓♣♣♣♣♣♣♣♣♣♣▓▓▓▓▓▓▓▓▓▓
.....°s°○B@.....'..........
▓▓▓▓▓▓▓▓▓▓▓▓▓♣♣♣♣♣♣♣♣♣♣▓▓▓▓▓▓▓▓▓▓
......................†..........
▓▓▓▓▓▓▓▓▓▓▓▓▓▓▓▓▓▓▓▓▓▓▓▓▓▓▓▓▓▓▓▓▓
)..).).[[[)[)[.))=)[)))...=.'....
▓▓▓▓▓▓▓▓▓▓▓▓▓▓▓▓▓▓▓▓▓▓▓▓▓▓▓▓▓▓▓▓▓
..).........[....................
▓▓▓▓▓▓▓▓▓▓▓▓▓▓▓▓▓▓▓▓▓▓▓▓▓▓▓▓▓▓▓▓▓
......)..)).[.......)))))..))....


You could see a boulder beetle (rolling) and a tarantella.

Vanquished Creatures
  A tentacled monstrosity (D)
  2 thorn hunters (D)
  Gastronok (D)
  2 very ugly things (D)
  2 bunyips (D)
  A dire elephant (D)
  An entropy weaver (D)
  Snorg (D)
  2 fire dragons (D)
  Harold (D)
  A boulder beetle (D)
  4 hydras (D)
  2 ice dragons (D)
  A ghost crab (D)
  3 ogre magi (D)
  2 centaur warriors (D)
  8 two-headed ogres (D)
  An alligator (D)
  A tengu warrior (D)
  A swamp dragon (D)
  4 orc knights (D)
  A wolf spider (D)
  An orb spider (D)
  A deep elf pyromancer (D)
  An orc sorcerer (D)
  An ugly thing (D)
  A manticore (D)
  Maurice (D)
  8 elephants (D)
  2 gargoyles (D)
  A cane toad (D)
  A kobold demonologist (D)
  A komodo dragon (D)
  A yaktaur (D)
  2 jumping spiders (D)
  A slime creature (D)
  A blink frog (D)
  A tarantella (D)
  A shadow (D)
  5 yaks (D)
  A yak (shapeshifter) (D)
  A vampire mosquito (D)
  A wyvern (D)
  2 water moccasins (D)
  9 orc warriors (D)
  2 ogres (D)
  A wolf (D)
  A centaur (D)
  4 bullfrogs (D)
  A killer bee (D)
  2 orc priests (D)
  An iguana (D)
  3 orc wizards (D)
  A gnoll (D)
  An adder zombie (D)
  9 orcs (D)
  A bat skeleton (D)
  An endoplasm (D)
  A frilled lizard (D)
  A jackal zombie (D)
  A kobold (D)
  2 rats (D)
121 creatures vanquished.

Notes
Turn   | Place    | Note
-------+----------+-------------------------------------------
     0 | D        | mhtbhm the Spriggan Earth Elementalist began the quest for
                  | the Orb.
     0 | D        | Reached XP level 1. HP: 9/9 MP: 5/5
   265 | D        | Noticed an iguana
   270 | D        | Reached skill level 3 in Spellcasting
   270 | D        | Reached XP level 2. HP: 13/13 MP: 4/7
   422 | D        | Reached skill level 4 in Spellcasting
   422 | D        | Reached skill level 5 in Earth Magic
   422 | D        | Reached XP level 3. HP: 16/16 MP: 1/10
   673 | D        | Found a snail-covered altar of Cheibriados.
   673 | D        | Found a shadowy altar of Dithmenos.
   673 | D        | Found a white marble altar of Elyvilon.
   673 | D        | Found a blossoming altar of Fedhas.
   673 | D        | Found an opulent altar of Gozag.
   674 | D        | Found a hazy altar of Hepliaklqana.
   675 | D        | Found a viscous altar of Jiyva.
   676 | D        | Found an ancient bone altar of Kikubaaqudgha.
   677 | D        | Found a corrupted altar of Lugonu.
   678 | D        | Found a burning altar of Makhleb.
   679 | D        | Found a sparkling altar of Nemelex Xobeh.
   680 | D        | Found an iron altar of Okawaru.
   681 | D        | Found a stormy altar of Qazlal.
   682 | D        | Found a sacrificial altar of Ru.
   683 | D        | Found a shimmering blue altar of Sif Muna.
   684 | D        | Found a bloodstained altar of Trog.
   685 | D        | Found a hide-covered altar of Uskayaw.
   686 | D        | Found a radiant altar of Vehumet.
   687 | D        | Found an ornate altar of the Wu Jian Council.
   688 | D        | Found a shimmering altar of Xom.
   689 | D        | Found a basalt altar of Yredelemnul.
   690 | D        | Found a glowing silver altar of Zin.
   691 | D        | Found a glowing golden altar of the Shining One.
   698 | D        | Became a worshipper of Vehumet
   712 | D        | Got the +2 morningstar "Pysuegun" {freeze, Int+4 Dex+2}
   729 | D        | Learned a level 2 spell: Passwall
   733 | D        | Learned a level 3 spell: Stone Arrow
   733 | D        | Noticed a gargoyle
   733 | D        | Noticed a yak
   733 | D        | Noticed an orc warrior
   733 | D        | Noticed a shadow
   733 | D        | Noticed a killer bee
   740 | D        | Killed a killer bee
   741 | D        | Reached skill level 6 in Spellcasting
   741 | D        | Reached XP level 4. HP: 13/21 MP: 4/13
   759 | D        | Killed a shadow
   759 | D        | Reached * piety under Vehumet
   759 | D        | Offered knowledge of Foxfire by Vehumet.
   760 | D        | Reached skill level 5 in Stealth
   760 | D        | Reached skill level 9 in Spellcasting
   760 | D        | Reached XP level 5. HP: 16/24 MP: 0/17
   803 | D        | Killed an orc warrior
   804 | D        | Reached skill level 10 in Spellcasting
   804 | D        | Reached XP level 6. HP: 22/28 MP: 2/20
  1018 | D        | Learned a level 5 spell: Lee's Rapid Deconstruction
  1023 | D        | Learned a level 4 spell: Petrify
  1033 | D        | Killed a yak
  1034 | D        | Reached skill level 11 in Spellcasting
  1069 | D        | Killed a gargoyle
  1069 | D        | Reached ** piety under Vehumet
  1069 | D        | Offered knowledge of Magic Dart by Vehumet.
  1070 | D        | Reached skill level 13 in Spellcasting
  1070 | D        | Reached skill level 10 in Earth Magic
  1070 | D        | Reached XP level 7. HP: 22/32 MP: 1/24
  1235 | D        | Noticed a vampire mosquito
  1235 | D        | Noticed a kobold demonologist
  1235 | D        | Noticed a seven-headed hydra
  1235 | D        | Noticed a gargoyle
  1235 | D        | Noticed a manticore
  1237 | D        | Killed a gargoyle
  1238 | D        | Reached skill level 14 in Spellcasting
  1238 | D        | Reached XP level 8. HP: 37/37 MP: 20/27
  1241 | D        | Killed a seven-headed hydra
  1241 | D        | Killed a manticore
  1242 | D        | Reached skill level 16 in Spellcasting
  1242 | D        | Reached skill level 1 in Conjurations
  1242 | D        | Reached skill level 1 in Evocations
  1242 | D        | Reached XP level 9. HP: 23/40 MP: 4/30
  1243 | D        | Killed a kobold demonologist
  1243 | D        | Reached *** piety under Vehumet
  1471 | D        | Got the ring "Ynuxkoek" {Dex+3 Slay+4}
  1485 | D        | Noticed a komodo dragon
  1485 | D        | Noticed a seven-headed hydra
  1488 | D        | Offered knowledge of Dazzling Flash by Vehumet.
  1488 | D        | Reached **** piety under Vehumet
  1489 | D        | Reached skill level 17 in Spellcasting
  1489 | D        | Noticed an elephant
  1511 | D        | Killed a seven-headed hydra
  1512 | D        | Reached skill level 5 in Dodging
  1785 | D        | Killed a komodo dragon
  1785 | D        | Offered knowledge of Sticky Flame by Vehumet.
  1785 | D        | Killed an elephant
  1785 | D        | Reached ***** piety under Vehumet
  1786 | D        | Reached skill level 18 in Spellcasting
  1786 | D        | Reached XP level 10. HP: 44/44 MP: 6/33
  1860 | D        | Noticed a five-headed hydra
  1866 | D        | Killed a five-headed hydra
  2095 | D        | Learned a level 4 spell: Sticky Flame
  2135 | D        | Offered knowledge of Bolt of Magma by Vehumet.
  2142 | D        | Learned a level 5 spell: Bolt of Magma
  2217 | D        | Offered knowledge of Irradiate by Vehumet.
  2218 | D        | Reached skill level 19 in Spellcasting
  2220 | D        | Noticed a cane toad
  2222 | D        | Reached skill level 5 in Transmutations
  2222 | D        | Reached skill level 1 in Fire Magic
  2222 | D        | Reached skill level 15 in Earth Magic
  2226 | D        | Killed a cane toad
  2530 | D        | Noticed an elephant
  2530 | D        | Noticed a dire elephant
  2530 | D        | Noticed an elephant
  2530 | D        | Noticed an elephant
  2530 | D        | Noticed an elephant
  2530 | D        | Noticed an elephant
  2531 | D        | Noticed an elephant
  2542 | D        | Killed an elephant
  2542 | D        | Killed an elephant
  2542 | D        | Offered knowledge of Iron Shot by Vehumet.
  2542 | D        | Killed an elephant
  2543 | D        | Reached skill level 20 in Spellcasting
  2554 | D        | Killed an elephant
  2785 | D        | Killed an elephant
  2786 | D        | Reached XP level 11. HP: 48/48 MP: 5/36
  2924 | D        | Learned a level 6 spell: Iron Shot
  3171 | D        | Killed a dire elephant
  3171 | D        | Offered knowledge of Conjure Ball Lightning by Vehumet.
  3386 | D        | Noticed Maurice
  3390 | D        | Killed Maurice
  3391 | D        | Reached skill level 21 in Spellcasting
  3533 | D        | Reached ****** piety under Vehumet
  3553 | D        | Offered knowledge of Starburst by Vehumet.
  3720 | D        | Noticed an orc sorcerer
  3720 | D        | Noticed an orc knight
  3727 | D        | Killed an orc sorcerer
  3732 | D        | Killed an orc knight
  3733 | D        | Noticed an orc knight
  3802 | D        | Killed an orc knight
  3803 | D        | Reached skill level 1 in Fighting
  3844 | D        | Noticed an orc knight
  4160 | D        | Killed an orc knight
  4171 | D        | Offered knowledge of Orb of Destruction by Vehumet.
  4513 | D        | Found Zinirghe's Book Boutique.
  4513 | D        | Noticed a two-headed ogre
  4513 | D        | Noticed a two-headed ogre
  4513 | D        | Noticed a two-headed ogre
  4513 | D        | Noticed a two-headed ogre
  4516 | D        | Killed a two-headed ogre
  4517 | D        | Reached skill level 22 in Spellcasting
  4518 | D        | Killed a two-headed ogre
  4518 | D        | Noticed an ogre mage
  4519 | D        | Killed a two-headed ogre
  4522 | D        | Killed an ogre mage
  4523 | D        | Killed a two-headed ogre
  4524 | D        | Reached XP level 12. HP: 53/53 MP: 10/39
  4553 | D        | Noticed a two-headed ogre
  4560 | D        | Killed a two-headed ogre
  4560 | D        | Offered knowledge of Fireball by Vehumet.
  4620 | D        | Noticed a two-headed ogre
  4625 | D        | Killed a two-headed ogre
  4626 | D        | Reached skill level 23 in Spellcasting
  4762 | D        | Found Lesiw's Antique Armour Shop.
  4766 | D        | Found Apteup's Distillery.
  4770 | D        | Found Xoghod's Jewellery Shop.
  4773 | D        | Noticed an ogre mage
  4774 | D        | Noticed an ogre mage
  4775 | D        | Noticed a two-headed ogre
  4776 | D        | Noticed a two-headed ogre
  4780 | D        | Killed an ogre mage
  4782 | D        | Killed an ogre mage
  4782 | D        | Killed a two-headed ogre
  4784 | D        | Killed a two-headed ogre
  4784 | D        | Offered knowledge of Spellforged Servitor by Vehumet.
  4908 | D        | Bought a potion of magic for 112 gold pieces
  4912 | D        | Bought a book of Minor Magic for 280 gold pieces
  4914 | D        | Bought a shiny buckler for 165 gold pieces
  4916 | D        | Bought a potion of brilliance for 56 gold pieces
  4918 | D        | Bought a ring of wizardry for 390 gold pieces
  4918 | D        | Bought an amulet of reflection for 390 gold pieces
  4918 | D        | Bought a ring of magical power for 260 gold pieces
  4999 | D        | Noticed Harold
  5004 | D        | Killed Harold
  5181 | D        | Noticed Gastronok
  5187 | D        | Killed Gastronok
  5188 | D        | Reached skill level 24 in Spellcasting
  5276 | D        | Learned a level 3 spell: Mephitic Cloud
  5379 | D        | Learned a level 2 spell: Slow
  5379 | D        | Noticed a centaur warrior
  5379 | D        | Noticed a centaur warrior
  5394 | D        | Killed a centaur warrior
  5404 | D        | Killed a centaur warrior
  5727 | D        | Offered knowledge of Lehudib's Crystal Spear by Vehumet.
  5727 | D        | Offered knowledge of Chain Lightning by Vehumet.
  5727 | D        | Offered knowledge of Ignition by Vehumet.
  5868 | D        | Noticed a tengu warrior
  5871 | D        | Killed a tengu warrior
  5954 | D        | Noticed a fire dragon
  5961 | D        | Killed a fire dragon
  6030 | D        | Noticed a fire dragon
  6035 | D        | Killed a fire dragon
  6130 | D        | Noticed a purple very ugly thing
  6132 | D        | Noticed a purple very ugly thing
  6136 | D        | Killed a purple very ugly thing
  6136 | D        | Noticed an ice dragon
  6137 | D        | Reached skill level 25 in Spellcasting
  6137 | D        | Reached XP level 13. HP: 56/56 MP: 29/43
  6146 | D        | Killed a purple very ugly thing
  6547 | D        | Noticed Snorg
  6558 | D        | Killed Snorg
  6842 | D        | Noticed a bunyip
  6842 | D        | Noticed a tentacled monstrosity
  6842 | D        | Noticed a thorn hunter
  6850 | D        | Killed a thorn hunter
  6851 | D        | Reached skill level 26 in Spellcasting
  6854 | D        | Killed a tentacled monstrosity
  6855 | D        | Noticed a thorn hunter
  7151 | D        | Killed a bunyip
  7152 | D        | Reached skill level 5 in Conjurations
  7200 | D        | Killed a thorn hunter
  7201 | D        | Reached skill level 27 in Spellcasting
  7201 | D        | Reached skill level 1 in Hexes
  7220 | D        | Noticed a bunyip
  7225 | D        | Killed a bunyip
  7390 | D        | Noticed an entropy weaver
  7396 | D        | Killed an entropy weaver
  7403 | D        | Demolished by a boulder beetle

Illustrated notes

Levels and vault maps discovered:
D:        linesprint [early_d, line_temple, items_1, d_10, items_2, lair_1,
          lair_end, items_3, orc_1, orc_end, items_4, d_15, swamp_1, shoals_1,
          snake_1, spider_1, d_20, vaults_1, items_5, swamp_end, shoals_end,
          snake_end, spider_end, vaults_end, d_27, items_6, zot_1, zot_end,
          crypt_end, forest_end, elf_end, slime_end, tomb_end, abyss_end,
          pan_hell_end]

Skill      XL: |  1  2  3  4  5  6  7  8  9 10 11 12 13 |
---------------+----------------------------------------+-----
Earth Magic    | 4 5 6 8 9 10 11 12 14 15 17 19 21 | 21.4
Dodging        | 3 4 5 |  5.2
Spellcasting   | 3 4 6 9 10 13 14 16 18 20 22 25 27 | 27.0
Stealth        | 4 5 6 7 |  7.7
Conjurations   | 1 2 4 5 |  5.8
Evocations     | 1 2 4 |  4.0
Transmutations | 2 5 6 7 9 |  9.9
Fire Magic     | 2 3 |  3.6
Fighting       | 1 |  1.6
Hexes          | 2 |  2.4
Maces & Flails | |  0.4
Shields        | |  0.6

Action                   |  1- 3 |  4- 6 |  7- 9 | 10-12 | 13-15 || total
-------------------------+-------+-------+-------+-------+-------++-------
Melee: Morningstar       |       |       |       |     5 |       ||     5
 Cast: Sandblast         |    21 |    10 |       |     3 |       ||    34
       Lee's Rapid Decon |       |     4 |    18 |    90 |    40 ||   152
       Stone Arrow       |       |     1 |       |    11 |       ||    12
       Petrify           |       |       |     5 |    32 |    13 ||    50
       Bolt of Magma     |       |       |       |    21 |     1 ||    22
       Iron Shot         |       |       |       |    12 |     8 ||    20
       Mephitic Cloud    |       |       |       |     1 |       ||     1
       Slow              |       |       |       |       |     1 ||     1
Evoke: Wand              |       |     1 |     2 |       |     3 ||     6
  Use: Potion            |     1 |     1 |       |       |       ||     2
       Scroll            |       |       |       |       |     1 ||     1
 Stab: Petrified         |       |       |       |     4 |       ||     4
Armor: Robe              |     1 |       |       |       |     2 ||     3
Dodge: Dodged            |     6 |     1 |     1 |    11 |     8 ||    27
Block: Other             |       |       |       |     2 |     1 ||     3
       Reflection        |       |       |       |     2 |       ||     2

Table legend: (Time is in decaauts)
 A = Elapsed time spent in this place.
 B = Non-inter-level travel time spent in this place.
 C = Inter-level travel time spent in this place.
 D = Time resting spent in this place.
 E = Time spent auto-exploring this place.
 F = Levels seen in this place.
 G = Mean time per level.
                   A        B        C        D        E       F      G
               +--------+--------+--------+--------+--------+-----+--------+
         Total |   6816 |   6803 |     13 |   5263 |    544 |   1 | 6816.0 |
       Dungeon |   6816 |   6803 |     13 |   5263 |    544 |   1 | 6816.0 |
               +--------+--------+--------+--------+--------+-----+--------+

Top non-repeatable levels by time:
       D: 6816 daAuts
